EL
BILOXI SHUCKERS @ SPRINGFIELD CARDINALS
08/16/2044
 
TOP OF THE 1ST
Biloxi Shuckers batting - Pitching for Springfield Cardinals : LHP Pat Dantzler
Pitching: LHP Pat Dantzler
Batting: RHB Joe LaDue 0-0: Swinging Strike
0-1: Ball
1-1: SINGLE (Line Drive, 6MD, EV 96.3 MPH)
Batting: SHB Jamel Wright 0-0: Ball
1-0: Ball
2-0: Ball
3-0: Base on Balls
Joe LaDue to second
Batting: RHB Akitada Nishizawa 0-0: Swinging Strike
0-1: Ball
1-1: Ball
2-1: Ball
3-1: Swinging Strike
3-2: Base on Balls
Joe LaDue to third
Jamel Wright to second
Batting: RHB Nick Garland 0-0: Ball
1-0: Foul Ball, location: 2F
1-1: Fielders Choice at 2nd, 3-6 (Groundball, 3, EV 86.3 MPH)
Joe LaDue scores
Jamel Wright to third
Batting: LHB Mike Staley 0-0: Ball
1-0: Called Strike
1-1: Foul Ball, location: 2F
1-2: Ball
Wild Pitch!
Jamel Wright scores
Nick Garland to second
2-2: Foul Ball, location: 2F
2-2: Ground out 5-3 (Groundball, 5L, EV 84.4 MPH)
Batting: RHB Mike Ball 0-0: Ball
1-0: Called Strike
1-1: Called Strike
1-2: Ball
2-2: Ball
3-2: Base on Balls
Batting: RHB Eddie McCoy 0-0: Ball
1-0: Foul Ball, location: 2F
1-1: Foul Ball, location: 2F
1-2: Foul Ball, location: 2F
1-2: Fielders Choice at 2nd, 5-4 (Groundball, 56, EV 83.1 MPH)
Top of the 1st over - 2 runs, 1 hit, 0 errors, 2 left on base; Biloxi 2 - Springfield 0
BOTTOM OF THE 1ST
Springfield Cardinals batting - Pitching for Biloxi Shuckers : RHP Josh Pelletier
Pitching: RHP Josh Pelletier
Batting: RHB Klaas Meij 0-0: Reached on error, E4 (Groundball, 4, EV 104.4 MPH)
Batting: RHB Danny Gallo 0-0: Swinging Strike
0-1: Ball
Klaas Meij steals 2nd, throwing error, E2
Klaas Meij to third
1-1: Foul Ball, location: 2F
1-2: Fly out, F7 (Flyball, 78D, EV 103.1 MPH)
Runner from 3rd tags up, SCORES, throw by LF
Batting: RHB Jason Keller 0-0: Ball
1-0: Ground out 4-3 (Groundball, 4, EV 109.4 MPH)
Batting: RHB Melvin Enriquez 0-0: Called Strike
0-1: Ball
1-1: DOUBLE (Line Drive, 89D, EV 107.5 MPH)
Batting: RHB David Fernandez 0-0: Ball
1-0: Ball
2-0: Swinging Strike
2-1: Foul Ball, location: 2F
2-2: Ball
3-2: Fly out, F8 (Line Drive, 8RD, EV 84.4 MPH)
Bottom of the 1st over - 1 run, 1 hit, 2 errors, 1 left on base; Biloxi 2 - Springfield 1
TOP OF THE 2ND
Biloxi Shuckers batting - Pitching for Springfield Cardinals : LHP Pat Dantzler
Batting: RHB Nick Spiller 0-0: Ball
1-0: Foul Ball, location: 2F
1-1: Ball
2-1: Swinging Strike
2-2: Ball
3-2: SINGLE (Groundball, 6MD, EV 105.6 MPH) (infield hit)
Batting: RHB Joe Hinson 0-0: Ball
1-0: Called Strike
1-1: Ball
2-1: Swinging Strike
2-2: SINGLE (Groundball, 56D, EV 100.0 MPH)
Nick Spiller to second
Batting: RHB Joe LaDue 0-0: Ball
Wild Pitch!
Nick Spiller to third
Joe Hinson to second
1-0: Ground out 4-3 (Groundball, 4M, EV 91.3 MPH)
Nick Spiller scores
Joe Hinson to third
Batting: SHB Jamel Wright 0-0: Called Strike
0-1: Called Strike
0-2: Strikes out swinging
Batting: RHB Akitada Nishizawa 0-0: Ball
1-0: Ball
2-0: Ball
3-0: Base on Balls
Batting: RHB Nick Garland 0-0: Ball
1-0: Called Strike
1-1: Foul Ball, location: 2F
1-2: Strikes out swinging
Top of the 2nd over - 1 run, 2 hits, 0 errors, 2 left on base; Biloxi 3 - Springfield 1
BOTTOM OF THE 2ND
Springfield Cardinals batting - Pitching for Biloxi Shuckers : RHP Josh Pelletier
Batting: RHB Travis Leonard 0-0: Ball
1-0: Fly out, F8 (Line Drive, 8LD, EV 106.3 MPH)
Batting: RHB Josh Lyon 0-0: Ball
1-0: Ball
2-0: Ball
3-0: Called Strike
3-1: Ground out U3 (Groundball, 3S, EV 90.6 MPH)
Batting: RHB Dave Cluster 0-0: Foul Ball, location: 2F
0-1: Ball
1-1: Ground out 5-3 (Groundball, 56, EV 82.5 MPH)
Bottom of the 2nd over - 0 runs, 0 hits, 0 errors, 0 left on base; Biloxi 3 - Springfield 1
TOP OF THE 3RD
Biloxi Shuckers batting - Pitching for Springfield Cardinals : LHP Pat Dantzler
Batting: LHB Mike Staley 0-0: Ball
1-0: SINGLE (Groundball, 4M, EV 98.8 MPH) (infield hit)
Batting: RHB Mike Ball 0-0: Ball
1-0: Ball
2-0: Called Strike
2-1: Grounds into double play, 3-6-3 (Groundball, 3S, EV 86.3 MPH)
Batting: RHB Eddie McCoy 0-0: Ball
1-0: Swinging Strike
1-1: Fly out, F7 (Line Drive, 7D, EV 88.8 MPH)
Top of the 3rd over - 0 runs, 1 hit, 0 errors, 0 left on base; Biloxi 3 - Springfield 1
BOTTOM OF THE 3RD
Springfield Cardinals batting - Pitching for Biloxi Shuckers : RHP Josh Pelletier
Batting: RHB Javier Ochoa 0-0: Foul Ball, location: 2F
0-1: Swinging Strike
0-2: Strikes out swinging
Batting: RHB Klaas Meij 0-0: Ball
1-0: DOUBLE (Line Drive, 78M, EV 95.0 MPH)
Batting: RHB Danny Gallo 0-0: Foul Ball, location: 2F
0-1: Ball
1-1: SINGLE (Groundball, 6MD, EV 94.4 MPH)
Klaas Meij to third
Batting: RHB Jason Keller 0-0: Ball
1-0: Ball
Danny Gallo steals 2nd base
2-0: Ball
3-0: Called Strike
3-1: Fly out, F4 (Flyball, 4D, EV 88.8 MPH)
Batting: RHB Melvin Enriquez 0-0: Swinging Strike
0-1: Fly out, F7 (Flyball, 78D, EV 95.0 MPH)
Bottom of the 3rd over - 0 runs, 2 hits, 0 errors, 2 left on base; Biloxi 3 - Springfield 1
TOP OF THE 4TH
Biloxi Shuckers batting - Pitching for Springfield Cardinals : LHP Pat Dantzler
Batting: RHB Nick Spiller 0-0: Ball
1-0: Foul Ball, location: 2F
1-1: Fly out, F7 (Flyball, BS1, EV 88.1 MPH)
Batting: RHB Joe Hinson 0-0: Swinging Strike
0-1: Called Strike
0-2: SINGLE (Line Drive, 3D, EV 105.0 MPH)
Batting: RHB Joe LaDue 0-0: Grounds into double play, 4-6-3 (Groundball, 4, EV 105.6 MPH)
Top of the 4th over - 0 runs, 1 hit, 0 errors, 0 left on base; Biloxi 3 - Springfield 1
BOTTOM OF THE 4TH
Springfield Cardinals batting - Pitching for Biloxi Shuckers : RHP Josh Pelletier
Batting: RHB David Fernandez 0-0: Ball
1-0: Ball
2-0: Ball
3-0: Base on Balls
Batting: RHB Travis Leonard 0-0: Foul Ball, location: 2F
0-1: Reached on error, E6 (Groundball, 6S, EV 87.5 MPH)
David Fernandez to second
Batting: RHB Josh Lyon 0-0: Called Strike
0-1: Ball
1-1: Ball
2-1: Ball
3-1: Base on Balls
David Fernandez to third
Travis Leonard to second
Batting: RHB Dave Cluster 0-0: SINGLE (Groundball, 56S, EV 63.1 MPH) (infield hit)
David Fernandez scores
Travis Leonard to third
Josh Lyon to second
Batting: RHB Javier Ochoa 0-0: Called Strike
0-1: Foul Ball, location: 2F
0-2: Foul Ball, location: 2F
0-2: Ball
1-2: Foul Ball, location: 2F
1-2: Foul Ball, location: 2F
1-2: Ball
2-2: Fly out, F7 (Line Drive, 7, EV 85.0 MPH)
Batting: RHB Klaas Meij 0-0: Ball
1-0: Foul Ball, location: 2F
1-1: Ball
2-1: Foul Ball, location: 2F
2-2: Ball
3-2: Grounds into double play, 4-6-3 (Groundball, 4, EV 84.4 MPH)
Bottom of the 4th over - 1 run, 1 hit, 1 error, 2 left on base; Biloxi 3 - Springfield 2
TOP OF THE 5TH
Biloxi Shuckers batting - Pitching for Springfield Cardinals : LHP Pat Dantzler
Batting: SHB Jamel Wright 0-0: Ball
1-0: Ball
2-0: Ball
3-0: Foul Ball, location: 2F
3-1: Ground out 3-1 (Groundball, 13, EV 91.9 MPH)
Batting: RHB Akitada Nishizawa 0-0: Called Strike
0-1: Ball
1-1: Called Strike
1-2: Foul Ball, location: 2F
1-2: Ball
2-2: Ball
3-2: DOUBLE (Groundball, 5L, EV 103.1 MPH)
Batting: RHB Nick Garland 0-0: Fly out, F9 (Flyball, 9LS, EV 90.0 MPH)
Batting: LHB Mike Staley 0-0: Foul Ball, location: 2F
0-1: Ground out U3 (Groundball, 34S, EV 85.6 MPH)
Top of the 5th over - 0 runs, 1 hit, 0 errors, 1 left on base; Biloxi 3 - Springfield 2
BOTTOM OF THE 5TH
Springfield Cardinals batting - Pitching for Biloxi Shuckers : RHP Josh Pelletier
Batting: RHB Danny Gallo 0-0: Ball
1-0: Called Strike
1-1: Called Strike
1-2: Ball
2-2: DOUBLE (Flyball, 8RXD, EV 111.3 MPH)
Batting: RHB Jason Keller 0-0: Ball
1-0: Ball
2-0: SINGLE (Line Drive, 78S, EV 104.4 MPH)
Danny Gallo to third
Batting: RHB Melvin Enriquez 0-0: Fly out, F8 (Flyball, 78M, EV 91.9 MPH)
Runner from 3rd tags up, SCORES, no throw by CF
Batting: RHB David Fernandez 0-0: Ball
1-0: Ball
2-0: Called Strike
2-1: Ball
3-1: Called Strike
3-2: Foul Ball, location: 2F
3-2: Foul Ball, location: 2F
3-2: Base on Balls
Jason Keller to second
Batting: RHB Travis Leonard 0-0: Ball
Jason Keller steals 3rd base (no throw)
1-0: DOUBLE (Line Drive, 7LS, EV 106.9 MPH)
Jason Keller scores
David Fernandez to third
Batting: RHB Josh Lyon 0-0: Ball
1-0: Ball
2-0: Ball
3-0: Called Strike
3-1: Base on Balls
Pitching: LHP Matt Hirschi
Batting: RHB Dave Cluster 0-0: Ball
1-0: Hit by Pitch
David Fernandez scores
Travis Leonard to third
Josh Lyon to second
Batting: RHB Javier Ochoa 0-0: Foul Ball, location: 2F
0-1: Foul Ball, location: 2F
0-2: SINGLE (Groundball, 6, EV 84.4 MPH) (infield hit)
Travis Leonard scores
Josh Lyon to third
Dave Cluster to second
Batting: RHB Klaas Meij 0-0: Foul Ball, location: 2F
0-1: Grounds into fielders choice 3-2 (Groundball, 34S, EV 88.1 MPH)
Dave Cluster to third
Javier Ochoa to second
Batting: RHB Danny Gallo 0-0: Called Strike
0-1: Fly out, F8 (Flyball, 8LM, EV 86.3 MPH)
Bottom of the 5th over - 4 runs, 4 hits, 0 errors, 3 left on base; Biloxi 3 - Springfield 6
TOP OF THE 6TH
Biloxi Shuckers batting - Pitching for Springfield Cardinals : LHP Pat Dantzler
Batting: RHB Mike Ball 0-0: SINGLE (Line Drive, 7LS, EV 104.4 MPH)
Batting: RHB Eddie McCoy 0-0: SINGLE (Line Drive, 9S, EV 94.4 MPH)
Mike Ball to second
Runner from 2nd tries for 3rd, SAFE, throw by RF made to third
Batting: RHB Nick Spiller 0-0: Called Strike
0-1: Ball
1-1: Fly out, F7 (Line Drive, 7, EV 84.4 MPH)
Batting: RHB Joe Hinson 0-0: Ball
1-0: Called Strike
1-1: Fly out, F8 (Flyball, 8RM, EV 88.1 MPH)
Batting: RHB Joe LaDue 0-0: Ball
1-0: Swinging Strike
1-1: Foul Ball, location: 2F
1-2: Fly out, F6 (Popup, 4S, EV 68.8 MPH)
Top of the 6th over - 0 runs, 2 hits, 0 errors, 2 left on base; Biloxi 3 - Springfield 6
BOTTOM OF THE 6TH
Springfield Cardinals batting - Pitching for Biloxi Shuckers : LHP Matt Hirschi
Batting: RHB Jason Keller 0-0: Called Strike
0-1: Ball
1-1: Ball
2-1: Ball
3-1: Base on Balls
Batting: RHB Melvin Enriquez 0-0: Ball
1-0: Called Strike
Jason Keller steals 2nd base
1-1: Called Strike
1-2: Strikes out swinging
Batting: RHB David Fernandez 0-0: Ball
1-0: Ball
2-0: Ball
3-0: Base on Balls
Batting: RHB Travis Leonard 0-0: Ball
Jason Keller steals 3rd base
1-0: Called Strike
1-1: Fly out, F8 (Flyball, 89XD, EV 88.8 MPH)
Runner from 3rd tags up, SCORES, no throw by CF
Batting: RHB Josh Lyon 0-0: SINGLE (Groundball, 4MD, EV 97.5 MPH)
David Fernandez to second
Runner from 2nd tries for 3rd, SAFE, throw by CF made to third
Batting: RHB Dave Cluster 0-0: Ball
1-0: Swinging Strike
1-1: Swinging Strike
1-2: SINGLE (Groundball, 4M, EV 84.4 MPH) (infield hit)
David Fernandez scores
Josh Lyon to second
Batting: RHB Javier Ochoa 0-0: SINGLE (Line Drive, 9S, EV 88.8 MPH)
Josh Lyon to third
Dave Cluster to second
Runner from 3rd tries for Home, throw by RF and OUT! 9-2
Bottom of the 6th over - 2 runs, 3 hits, 0 errors, 2 left on base; Biloxi 3 - Springfield 8
TOP OF THE 7TH
Biloxi Shuckers batting - Pitching for Springfield Cardinals : LHP Pat Dantzler
Batting: SHB Jamel Wright 0-0: Ball
1-0: Called Strike
1-1: Foul Ball, location: 2F
1-2: Fly out, F9 (Flyball, 89M, EV 83.8 MPH)
Batting: RHB Akitada Nishizawa 0-0: Ball
1-0: DOUBLE (Groundball, 5L, EV 106.3 MPH)
Pitching: RHP Jason Inman
Batting: RHB Nick Garland 0-0: Ball
Akitada Nishizawa steals 3rd base
1-0: Called Strike
1-1: Swinging Strike
1-2: Strikes out looking
Batting: LHB Mike Staley 0-0: Called Strike
0-1: Ground out U3 (Groundball, 34S, EV 86.9 MPH)
Top of the 7th over - 0 runs, 1 hit, 0 errors, 1 left on base; Biloxi 3 - Springfield 8
BOTTOM OF THE 7TH
Springfield Cardinals batting - Pitching for Biloxi Shuckers : LHP Matt Hirschi
Batting: RHB Klaas Meij 0-0: Ball
1-0: Called Strike
1-1: Ball
2-1: Foul Ball, location: 2F
2-2: Fly out, F8 (Flyball, 8RD, EV 100.6 MPH)
Batting: RHB Danny Gallo 0-0: Called Strike
0-1: Ball
1-1: Ball
2-1: Ball
3-1: Base on Balls
Batting: RHB Jason Keller 0-0: Called Strike
0-1: Swinging Strike
0-2: Ball
1-2: Ball
2-2: Ball
3-2: Base on Balls
Danny Gallo to second
Pitching: LHP Trevor Sharp
Batting: RHB Melvin Enriquez 0-0: Called Strike
0-1: Foul Ball, location: 2F
0-2: Foul Ball, location: 2F
0-2: Strikes out swinging
Batting: RHB David Fernandez 0-0: Ball
1-0: Called Strike
1-1: Ball
2-1: Swinging Strike
2-2: Strikes out swinging
Bottom of the 7th over - 0 runs, 0 hits, 0 errors, 2 left on base; Biloxi 3 - Springfield 8
TOP OF THE 8TH
Biloxi Shuckers batting - Pitching for Springfield Cardinals : RHP Jason Inman
Batting: RHB Mike Ball 0-0: Called Strike
0-1: Foul Ball, location: 2F
0-2: Foul Ball, location: 2F
0-2: Ball
1-2: Ground out 6-3 (Groundball, 6M, EV 108.1 MPH)
Batting: RHB Eddie McCoy 0-0: Ball
1-0: SINGLE (Line Drive, 9S, EV 94.4 MPH)
Batting: RHB Nick Spiller 0-0: Called Strike
0-1: Swinging Strike
0-2: Hit by Pitch
Eddie McCoy to second
Batting: RHB Joe Hinson 0-0: Ball
1-0: Swinging Strike
1-1: Foul Ball, location: 2F
1-2: Ball
2-2: Strikes out swinging
Batting: RHB Joe LaDue 0-0: Called Strike
0-1: Ball
1-1: Called Strike
1-2: Ball
2-2: Strikes out swinging
Top of the 8th over - 0 runs, 1 hit, 0 errors, 2 left on base; Biloxi 3 - Springfield 8
BOTTOM OF THE 8TH
Springfield Cardinals batting - Pitching for Biloxi Shuckers : LHP Trevor Sharp
Batting: RHB Travis Leonard 0-0: Ball
1-0: Ground out 5-3 (Groundball, 56S, EV 70.6 MPH)
Batting: RHB Josh Lyon 0-0: Foul Ball, location: 2F
0-1: Ball
1-1: Ball
2-1: Called Strike
2-2: Ball
3-2: Foul Ball, location: 2F
3-2: Foul Ball, location: 2F
3-2: SINGLE (Groundball, 6MD, EV 96.3 MPH)
Batting: RHB Dave Cluster 0-0: Called Strike
0-1: SINGLE (Groundball, 4MD, EV 97.5 MPH)
Josh Lyon to second
Batting: RHB Javier Ochoa 0-0: Swinging Strike
0-1: Foul Ball, location: 2F
0-2: Ball
1-2: Grounds into double play, 5-4-3 (Groundball, 56, EV 96.3 MPH)
Bottom of the 8th over - 0 runs, 2 hits, 0 errors, 1 left on base; Biloxi 3 - Springfield 8
TOP OF THE 9TH
Biloxi Shuckers batting - Pitching for Springfield Cardinals : RHP Jason Inman
Batting: SHB Jamel Wright 0-0: Called Strike
0-1: Called Strike
0-2: Ball
1-2: Ball
2-2: Ball
3-2: Base on Balls
Batting: RHB Akitada Nishizawa 0-0: Ball
1-0: Called Strike
1-1: Foul Ball, location: 2F
1-2: Ball
2-2: Ball
3-2: Foul Ball, location: 2F
3-2: Ground out 6-3 (Groundball, 6D, EV 98.8 MPH)
Jamel Wright to second
Batting: RHB Nick Garland 0-0: Called Strike
0-1: Called Strike
0-2: Strikes out swinging
Batting: LHB Mike Staley 0-0: Called Strike
0-1: Ball
1-1: Called Strike
1-2: Foul Ball, location: 2F
1-2: Ball
2-2: Ground out 4-3 (Groundball, 4, EV 85.0 MPH)
Top of the 9th over - 0 runs, 0 hits, 0 errors, 1 left on base; Biloxi 3 - Springfield 8
Thursday, March 31st , 2022 - OOTP Baseball 22.12 Build 89